 Dungeon Crawl Stone Soup version 0.30-a0-125-g51eefa89be (webtiles) character file.

Game seed: 1034466459091397758

21415 juncz the Fighter (level 13, -1/103 HPs)
             Began as a Djinni Ice Elementalist on Sept 18, 2022.
             Was a Believer of Makhleb.
             Slain by a white ugly thing (48 damage)
             ... on level 13 of the Dungeon on Sept 19, 2022.
             The game lasted 01:01:53 (23155 turns).

juncz the Fighter (Djinni Ice Elementalist)        Turns: 23155, Time: 01:01:54

Health: -1/103     AC: 24    Str:  7    XL:     13   Next: 19%
Gold:   954        EV: 15    Int: 28    God:    Makhleb [**....] SH:  7 Dex: 14

rFire   + + .      SeeInvis .    D - +5 dagger (freeze)
rCold   x . .      Faith    .    E - +2 buckler
rNeg    . . .      Spirit   .    F - +1 steam dragon scales
rPois   ∞          Reflect  .    g - +0 helmet
rElec   .          Harm     .    K - +1 cloak
rCorr   .          Rampage  .    N - +0 pair of gloves
Will    +....                    (boots unavailable)
Stlth   ++........               (no amulet)
HPRegen 0.27/turn                k - +6 ring of intelligence
MPRegen 0.00/turn                n - +4 ring of protection

@: ice-armoured, freezing walls, flying
A: sickness immunity, fire resistance 2, cold vulnerability 1, float, innate
caster, HP casting, extra vitality 1
a: Renounce Religion, Minor Destruction


You were on level 13 of the Dungeon.
You worshipped Makhleb.
Makhleb was pleased with you.
You visited 1 branch of the dungeon, and saw 13 of its levels.

You collected 954 gold pieces.

Inventory:

Hand Weapons
 o - a +0 dagger of protection
 D - a +5 dagger of freezing (weapon)
Missiles
 m - 75 stones
Armour
 a - a +0 robe
 g - a +0 helmet (worn)
 B - a +1 robe of positive energy
 E - a +2 buckler (worn)
 F - +1 steam dragon scales (worn)
 I - a +0 cloak
 K - a +1 cloak (worn)
 M - +0 acid dragon scales
 N - a +0 pair of gloves (worn)
Magical Staves
 G - a staff of fire
Jewellery
 k - a +6 ring of intelligence (left hand)
 n - a +4 ring of protection (right hand)
 p - a +4 ring of protection
Wands
 j - a wand of roots (9)
 y - a wand of flame (12)
 C - a wand of light (1)
 Q - a wand of polymorph (2)
Scrolls
 b - a scroll of amnesia
 c - 4 scrolls of magic mapping
 i - 2 scrolls of poison
 l - 3 scrolls of immolation
 r - 4 scrolls of fog
 u - 2 scrolls of torment
 w - a scroll of blinking
 x - 2 scrolls of vulnerability
 J - a scroll of silence
 O - a scroll of teleportation
Potions
 d - 3 potions of flight {unknown}
 e - 4 potions of mutation
 f - 3 potions of lignification {unknown}
 h - a potion of degeneration {unknown}
 q - 3 potions of might {unknown}
 s - 3 potions of haste {unknown}
 t - 5 potions of curing
 v - 2 potions of attraction {unknown}
 z - a potion of ambrosia {unknown}
 A - a potion of heal wounds
 H - a potion of invisibility {unknown}
 L - a potion of cancellation {unknown}
 P - 2 potions of brilliance {unknown}


   Skills:
 + Level 13.4 Fighting
 + Level 7.8 Dodging
 - Level 2.0 Stealth
 - Level 6.0 Shields
 + Level 11.0 Spellcasting


You had 3 spell levels left.
You knew the following spells:

 Your Spells              Type           Power      Damage    Failure   Level
a - Freeze                Ice            100%       1d11      1%          1
b - Frozen Ramparts       Ice            100%       1d16      1%          3
c - Ozocubu's Armour      Ice            67%        N/A       1%          3
d - Hailstorm             Conj/Ice       67%        3d14      1%          4
e - Necrotise             Necr           100%       1d9       1%          1
f - Poisonous Vapours     Pois/Air       100%       N/A       1%          2
g - Kindle Blastsparks    Fire/Tloc/Air  100%       2d18      1%          3
h - Ice Form              Ice/Tmut       67%        N/A       1%          4
i - Borgnjor's Vile Clut  Necr/Erth      33%        N/A       1%          5
j - Irradiate             Conj/Tmut      33%        3d22      1%          5
Your spell library was empty.

Dungeon Overview and Level Annotations

Branches:
Dungeon (14/15)              Lair (0/5) D:11            Orc (0/2) D:10
 Temple: D:4-7       Vaults: D:13-14

Altars:
Hepliaklqana
Makhleb
Nemelex Xobeh
Trog
Yredelemnul

Shops:
D:10 (


Innate Abilities, Weirdness & Mutations

You are immune to sickness and miasma.
You are immune to poison.
Your flesh is very heat resistant. (rF++)
You are vulnerable to cold. (rC-)
You float through the air rather than walking.
You learn spells naturally, not from books.
Your magical power is your life essence.
You have superior vitality. (+4 MHP)


Message History

The frozen ramparts melt away as you move.
The white ugly thing basks in the mutagenic energy from its kin and changes!
There is a stone staircase leading up here.
The white ugly thing stings you but does no damage.
You block the boulder beetle's attack.
The boulder beetle stops rolling and uncurls.
You fly upwards.
There is a stone staircase leading down here.
Casting: Freeze (safe; 1% risk of failure)
Confirm with . or Enter, or press ? or * to list all spells.
A film of ice covers your body!
The white ugly thing stings you but does no damage.
Casting: Ozocubu's Armour (safe; 1% risk of failure)
Confirm with . or Enter, or press ? or * to list all spells.
Casting: Frozen Ramparts (safe; 1% risk of failure)
Press: ? - help, Dir - look around, f - activate A stone staircase leading down.
The walls around you are covered in ice.
The white ugly thing resists.
The wall freezes the white ugly thing.
The white ugly thing stings you but does no damage.
Casting: Frozen Ramparts (safe; 1% risk of failure)
Confirm with . or Enter, or press ? or * to list all spells.
Aiming: Freeze (safe; 1% risk of failure)
Press: ? - help, Shift-Dir - straight line, f - white ugly thing
Aim: a white ugly thing (moderately wounded, very poisoned)
You freeze the white ugly thing.
The white ugly thing resists.
The white ugly thing is moderately wounded.
The white ugly thing resists.
The wall freezes the white ugly thing.
You block the white ugly thing's attack.
Casting: Freeze (safe; 1% risk of failure)
Confirm with . or Enter, or press ? or * to list all spells.
Aiming: Freeze (safe; 1% risk of failure)
Press: ? - help, Shift-Dir - straight line, f/p - white ugly thing
Aim: a white ugly thing (heavily wounded, very poisoned)
You freeze the white ugly thing.
The white ugly thing resists.
The white ugly thing is heavily wounded.
The white ugly thing resists.
The wall freezes the white ugly thing.
The white ugly thing stings you. The white ugly thing freezes you!!!
You feel a terrible chill!
You die...

#..# #.#####.........### #..# #.#
#.........# #..# #.# #.........#
#..# #.#####.........#
####..#########.:.............###
.........<.......................
.................................
.................########........
........########@# #........
........# #u# #........ ........#
#.# #........ ........# #.#
#........ ........# #.# #........
........# #.# #....<... ........#
#.# #........ ........#
#.########........ ........#
#.................


You could see a white ugly thing (very poisoned).

Vanquished Creatures
  Josephine (D:11)
  3 two-headed ogres
  A centaur warrior (D:12)
  A tengu warrior (D:13)
  2 boulder beetles
  An orc knight (D:10)
  2 ugly things
  2 cyclopes
  A gargoyle (D:13)
  An unseen horror (D:13)
  Psyche (D:8)
  3 kobold demonologists
  An efreet (D:13)
  2 tengu conjurers (D:13)
  3 trolls
  Prince Ribbit (D:8)
  2 hornets
  10 slime creatures
  28 yaks
  A vampire (D:11)
  3 wraiths
  A wyvern (D:10)
  3 steam dragons
  5 vampire mosquitoes
  A water moccasin (D:8)
  2 acid dragons (D:12)
  A black bear (shapeshifter) (D:13)
  5 orc warriors
  2 black bears
  2 centaurs
  6 kobold brigands
  2 bullfrogs
  3 necrophages
  A gnoll sergeant (D:10)
  A scorpion (D:5)
  4 wights (D:6)
  6 howler monkeys
  A gnoll bouda (D:10)
  4 hounds
  3 orc priests
  A jelly (D:5)
  An iguana (D:5)
  8 orc wizards
  6 gnolls (D:10)
  10 adders
  A white imp (D:8)
  2 worms
  3 dart slugs
  27 orcs
  12 ball pythons
  8 endoplasms
  4 giant cockroaches
  9 goblins
  5 hobgoblins
  6 jackals (D:1)
  26 kobolds
  4 quokkas
  7 bats
  4 frilled lizards
  7 rats
  A spectral hobgoblin (D:4)
275 creatures vanquished.

Vanquished Creatures (collateral kills)
  A phantom (D:4)
1 creature vanquished.

Grand Total: 276 creatures vanquished

Notes
Turn   | Place    | Note
-------+----------+-------------------------------------------
     0 | D:1      | juncz the Djinni Ice Elementalist began the quest for the
                  | Orb.
     0 | D:1      | juncz set off with the following spells memorised: Freeze,
                  | Frozen Ramparts, Ozocubu's Armour, Hailstorm.
     0 | D:1      | Reached XP level 1. HP: 15/15 MP: 0/0
    25 | D:1      | Reached XP level 2. HP: 7/21 MP: 0/0
  1174 | D:1      | Reached XP level 3. HP: 22/26 MP: 0/0
  1174 | D:1      | Learned a level 1 spell: Necrotise
  1444 | D:1      | Reached skill level 1 in Fighting
  2228 | D:1      | Found a faded altar of an unknown god.
  2753 | D:2      | Reached XP level 4. HP: 28/32 MP: 0/0
  3888 | D:3      | Reached skill level 2 in Fighting
  4344 | D:3      | Reached XP level 5. HP: 35/39 MP: 0/0
  4344 | D:3      | Learned a level 2 spell: Poisonous Vapours
  5296 | D:4      | Reached skill level 3 in Fighting
  5296 | D:4      | Reached XP level 6. HP: 38/46 MP: 0/0
  5856 | D:4      | Found a basalt altar of Yredelemnul.
  6543 | D:4      | Found a sparkling altar of Nemelex Xobeh.
  6955 | D:4      | Found a hazy altar of Hepliaklqana.
  7132 | D:5      | Entered Level 5 of the Dungeon
  7150 | D:5      | Reached skill level 4 in Fighting
  7155 | D:5      | Reached XP level 7. HP: 7/52 MP: 0/0
  7155 | D:5      | Learned a level 3 spell: Kindle Blastsparks
  8003 | D:4      | Reached skill level 5 in Spellcasting
  9001 | D:5      | Reached skill level 5 in Fighting
  9348 | D:5      | Reached XP level 8. HP: 49/59 MP: 0/0
 10187 | D:6      | Reached skill level 6 in Fighting
 10569 | D:6      | Reached skill level 7 in Fighting
 10569 | D:6      | Reached XP level 9. HP: 25/68 MP: 0/0
 10569 | D:6      | Learned a level 4 spell: Ice Form
 11184 | D:6      | You are sucked into a shaft and drop 3 floors!
 11254 | D:9      | Reached skill level 8 in Fighting
 11535 | D:9      | Reached skill level 9 in Fighting
 11535 | D:9      | Reached XP level 10. HP: 66/78 MP: 0/0
 11819 | D:9      | Noticed a two-headed ogre
 11826 | D:9      | Killed a two-headed ogre
 11827 | D:9      | Reached skill level 10 in Fighting
 12312 | D:8      | Noticed Prince Ribbit
 12316 | D:8      | Noticed Psyche
 12320 | D:8      | Killed Prince Ribbit
 12323 | D:8      | Found a burning altar of Makhleb.
 12332 | D:8      | Killed Psyche
 12736 | D:8      | Became a worshipper of Makhleb the Destroyer
 13140 | D:8      | Reached XP level 11. HP: 71/86 MP: 0/0
 13140 | D:8      | Learned a level 5 spell: Borgnjor's Vile Clutch
 13328 | D:8      | Reached skill level 11 in Fighting
 14152 | D:9      | Noticed a two-headed ogre
 14158 | D:9      | Killed a two-headed ogre
 15562 | D:10     | Entered Level 10 of the Dungeon
 16123 | D:10     | Reached skill level 1 in Shields
 16240 | D:10     | Reached * piety under Makhleb
 16241 | D:10     | Reached skill level 10 in Spellcasting
 16244 | D:10     | Reached skill level 12 in Fighting
 16532 | D:10     | Noticed an orc knight
 16547 | D:10     | Found a staircase to the Orcish Mines.
 16547 | D:10     | Found Fyadd's Weapon Boutique.
 17325 | D:10     | Killed an orc knight
 17625 | D:11     | Noticed Josephine
 18055 | D:11     | Noticed a two-headed ogre
 18067 | D:11     | Killed a two-headed ogre
 18679 | D:11     | Noticed a boulder beetle
 18692 | D:11     | Killed a boulder beetle
 18693 | D:11     | Reached XP level 12. HP: 94/95 MP: 0/0
 18868 | D:11     | Reached skill level 5 in Dodging
 19075 | D:11     | Killed Josephine
 19554 | D:11     | Found a staircase to the Lair.
 20348 | D:12     | Noticed a boulder beetle
 20368 | D:12     | Killed a boulder beetle
 20394 | D:12     | Noticed a soul eater
 20396 | D:12     | Noticed a sun demon
 20398 | D:12     | Reached skill level 5 in Shields
 20679 | D:12     | Noticed a centaur warrior
 20686 | D:12     | Killed a centaur warrior
 21526 | D:13     | Reached ** piety under Makhleb
 21530 | D:13     | Reached skill level 13 in Fighting
 21716 | D:13     | Noticed a tengu warrior
 21724 | D:13     | Killed a tengu warrior
 21725 | D:13     | Reached XP level 13. HP: 48/103 MP: 0/0
 21725 | D:13     | Learned a level 5 spell: Irradiate
 23145 | D:14     | Found a bloodstained altar of Trog.
 23155 | D:13     | Slain by a white ugly thing

Illustrated notes

Levels and vault maps discovered:
D:1:      nzn_arrival_water_spiral, layout_rooms,
          chequers_ecumenical_altar_simple
D:2:      layout_loops_corners
D:3:      layout_loops_cross, nicolae_kikubaaqudgha_miasma_corner,
          grunt_ministairs_4, minmay_puff
D:4:      layout_loops_corners, nemelex_xobeh_ov_fountains_minmay,
          lemuel_tele_altar, nicolae_hepliaklqana_monster_ancestors
D:5:      wad_lake_hut, layout_basic, mainiacjoe_overflow_boulevard
D:6:      layout_basic, chequers_avenue, minmay_misc_feat_secret_circle
D:8:      layout_basic, mainiacjoe_overflow_small_starburst,
          uniq_prince_ribbit1, uniq_psyche
D:9:      layout_layer_cave
D:10:     layout_roguey, orc_david_3
D:11:     layout_loops_corners, lair_entry_dummy, st_stairs_10, uniq_josephine
D:12:     layout_roguey
D:13:     layout_small_grid
D:14:     layout_gridville, david_vaults_1, corner_web_ring, minivault_4,
          st_stairs_7, bloody_trog

Skill      XL: |  1  2  3  4  5  6  7  8  9 10 11 12 13 |
---------------+----------------------------------------+-----
Stealth        | 2 |  2.0
Fighting       | 1 2 3 4 5 7 9 10 12 13 | 13.4
Spellcasting   | 4 5 6 7 9 10 11 | 11.0
Dodging        | 4 7 |  7.8
Shields        | 3 5 6 |  6.0

Action                   |  1- 3 |  4- 6 |  7- 9 | 10-12 | 13-15 || total
-------------------------+-------+-------+-------+-------+-------++-------
Melee: Unarmed           |     5 |       |       |       |       ||     5
       Dagger            |       |    69 |    18 |     1 |       ||    88
       Punch             |       |     1 |       |       |       ||     1
Throw: Stone             |       |     1 |       |     1 |       ||     2
 Cast: Freeze            |    34 |    28 |    28 |   119 |    22 ||   231
       Frozen Ramparts   |    10 |    35 |    21 |    52 |     6 ||   124
       Ozocubu's Armour  |     2 |     7 |     6 |    35 |     6 ||    56
       Poisonous Vapours |       |    33 |    50 |   149 |    10 ||   242
       Necrotise         |       |     3 |       |     3 |       ||     6
       Hailstorm         |       |     1 |       |       |       ||     1
       Kindle Blastspark |       |       |    11 |    14 |    10 ||    35
       Borgnjor's Vile C |       |       |       |     2 |       ||     2
       Irradiate         |       |       |       |       |     2 ||     2
Evoke: Wand              |       |       |       |    15 |       ||    15
  Use: Scroll            |       |     5 |     5 |     7 |     1 ||    18
       Potion            |       |       |       |     3 |       ||     3
Armor: Robe              |     4 |    34 |    19 |     2 |       ||    59
       Steam dragon scal |       |       |       |    62 |    12 ||    74
Dodge: Dodged            |    17 |    46 |    24 |    88 |    14 ||   189
Block: Buckler           |       |       |       |    32 |    11 ||    43

Table legend: (Time is in decaauts)
 A = Elapsed time spent in this place.
 B = Non-inter-level travel time spent in this place.
 C = Inter-level travel time spent in this place.
 D = Time resting spent in this place.
 E = Time spent auto-exploring this place.
 F = Levels seen in this place.
 G = Mean time per level.
                   A        B        C        D        E       F      G
               +--------+--------+--------+--------+--------+-----+--------+
         Total |  23174 |  22605 |    569 |  12423 |   7969 |  13 | 1782.6 |
       Dungeon |  23174 |  22605 |    569 |  12423 |   7969 |  13 | 1782.6 |
               +--------+--------+--------+--------+--------+-----+--------+

Top non-repeatable levels by time:
     D:4: 3321 daAuts
     D:9: 2788 daAuts
     D:1: 2644 daAuts
    D:10: 2173 daAuts
    D:11: 1975 daAuts
     D:8: 1866 daAuts
    D:13: 1621 daAuts
     D:3: 1616 daAuts
    D:12: 1538 daAuts
     D:5: 1400 daAuts
     D:6: 1219 daAuts
     D:2: 979 daAuts
    D:14: 28 daAuts
